 Dungeon Crawl Stone Soup version 0.27.1-3-gb3d3a73c9e (webtiles) character file.

Game seed: 10525718367931008959

3242 rogsnak the Thaumaturge (level 9, -9/66 HPs)
             Began as a Gnoll Hedge Wizard on Oct 13, 2021.
             Was a Priest of Okawaru.
             Splashed by an acid dragon's acid (18 damage)
             ... on level 7 of the Dungeon.
             The game lasted 00:25:23 (10648 turns).

rogsnak the Thaumaturge (Gnoll Hedge Wizard)       Turns: 10648, Time: 00:25:23

Health: -9/66      AC: -1    Str: 10    XL:     9   Next: 99%
Magic:  15/21      EV: 14    Int: 23    God:    Okawaru [***...]
Gold:   333        SH:  0    Dex: 11    Spells: 19/25 levels left

rFire    . . .     SeeInvis .   P - +1 dagger (drain)
rCold    . . .     Faith    .   (no shield)
rNeg     . . .     Spirit   .   b - +0 robe
rPois    .         Reflect  .   c - +0 hat
rElec    .         Harm     .   (no cloak)
rCorr    .         Rampage  .   (no gloves)
Will     .....                  (no boots)
Stlth    +++.......             (no amulet)
HPRegen  0.21/turn              h - +4 ring of protection
MPRegen  0.17/turn              E - +6 ring of intelligence

@: corroded
A: fangs 1, strong nose, distributed training
a: Renounce Religion, Heroism


You were on level 7 of the Dungeon.
You worshipped Okawaru.
Okawaru was most pleased with you.
You visited 1 branch of the dungeon, and saw 8 of its levels.

You collected 333 gold pieces.

Inventory:

Hand Weapons
 a - a +0 dagger
 t - a +0 triple crossbow
 w - a +0 spear
 F - a +1 vampiric long sword
 J - a +2 falchion of freezing
 K - a +2 hand axe of freezing
 P - a +1 dagger of draining (weapon)
 Q - the +8 hand crossbow of an ice cave {venom, Int+4}
   (You found it on level 7 of the Dungeon)

   Any ammunition fired from it poisons the flesh of those it strikes.
   Int:       It affects your intelligence (+4).
Missiles
 d - 147 stones
 f - 158 arrows
 k - 93 sling bullets
 m - 4 curare-tipped darts
 p - 56 bolts
 z - 11 poisoned darts
 G - 3 javelins
Armour
 b - a +0 robe (worn)
 c - a +0 hat (worn)
 n - a +1 chain mail of cold resistance
 r - a +1 ring mail of positive energy
 M - a +1 robe of fire resistance
Magical Staves
 o - a staff of fire
Jewellery
 h - a +4 ring of protection (left hand)
 s - a +4 ring of protection
 E - a +6 ring of intelligence (right hand)
 H - a +6 ring of intelligence
 R - a +4 ring of evasion
Wands
 L - a wand of iceblast (10)
Scrolls
 e - 5 scrolls of identify {unknown}
 j - 3 scrolls of magic mapping {unknown}
 q - 2 scrolls of enchant armour {unknown}
 u - a scroll of fog {unknown}
 x - 3 scrolls of enchant weapon {unknown}
 y - a scroll of vulnerability {unknown}
 A - a scroll of torment {unknown}
 B - a scroll of fear {unknown}
 I - 2 scrolls of teleportation {unknown}
 N - 2 scrolls of holy word {unknown}
 O - a scroll of amnesia {unknown}
Potions
 g - 2 potions of curing {unknown}
 i - 2 potions of degeneration {unknown}
 l - a potion of mutation {unknown}
 v - a potion of heal wounds
 C - a potion of might {unknown}
 D - a potion of brilliance {unknown}


   Skills:
 + Level 4.7 Fighting
 + Level 4.7 Short Blades
 + Level 4.7 Long Blades
 + Level 4.7 Axes
 + Level 4.7 Maces & Flails
 + Level 4.7 Polearms
 + Level 4.7 Staves
 + Level 4.7 Slings
 + Level 4.7 Bows
 + Level 4.7 Crossbows
 + Level 4.7 Throwing
 + Level 4.7 Armour
 + Level 6.7 Dodging
 + Level 6.4 Stealth
 + Level 4.7 Shields
 + Level 4.7 Unarmed Combat
 + Level 8.7 Spellcasting
 + Level 4.5 Conjurations
 + Level 3.9 Hexes
 + Level 4.5 Summonings
 + Level 3.9 Necromancy
 + Level 4.5 Translocations
 + Level 3.9 Transmutations
 + Level 3.9 Fire Magic
 + Level 3.9 Ice Magic
 + Level 3.9 Air Magic
 + Level 3.9 Earth Magic
 + Level 3.9 Poison Magic
 + Level 5.2 Invocations
 + Level 4.7 Evocations


You had 19 spell levels left.
You knew the following spells:

 Your Spells              Type           Power      Damage    Failure   Level
a - Magic Dart            Conj           100%       1d8       1%          1
b - Blink                 Tloc           N/A        N/A       1%          2
c - Mephitic Cloud        Conj/Pois/Air  29%        N/A       3%          3

Your spell library contained the following spells:

 Spells                   Type           Power      Damage    Failure   Level
 Animate Skeleton         Necr           56%        N/A       1%          1
 Apportation              Tloc           60%        N/A       1%          1
 Corona                   Hex            31%        N/A       1%          1
 Pain                     Necr           100%       1d9       1%          1
 Summon Small Mammal      Summ           100%       N/A       1%          1
 Call Imp                 Summ           30%        N/A       1%          2
 Ensorcelled Hibernation  Hex/Ice        56%        N/A       1%          2
 Slow                     Hex            28%        N/A       1%          2
 Conjure Flame            Conj/Fire      29%        6-21      3%          3
 Spider Form              Tmut/Pois      14%        N/A       3%          3
 Tukima's Dance           Hex            28%        N/A       3%          3
 Vampiric Draining        Necr           14%        2d8       3%          3
 Shadow Creatures         Summ           N/A        N/A       83%         6


Dungeon Overview and Level Annotations

Branches:
Dungeon (8/15)             Temple (0/1) D:6
   Lair: D:8-11

Altars:
Hepliaklqana
Okawaru
Qazlal
Ru
Uskayaw
Vehumet
Yredelemnul

Shops:
D:5 =


Innate Abilities, Weirdness & Mutations

You have very sharp teeth.
Your uncanny sense of smell can sniff out nearby items.
Your experience applies equally to all skills.


Message History

The orc warrior is engulfed in noxious fumes.
The orc priest is engulfed in noxious fumes.
The orc priest appears confused.
Unknown command.
Unknown command.
Unknown command.
You see here a book of Maledictions.
You pick up a book of Maledictions and begin reading...
You add the spell Tukima's Dance to your library.
The orc warrior hits you with a +0 dire flail!
The orc priest is engulfed in noxious fumes.
The orc wizard is engulfed in noxious fumes.
The orc wizard appears confused.
There is a stone staircase leading up here.
The orc warrior hits you with a +0 dire flail!
The orc priest is engulfed in noxious fumes.
The orc priest appears confused.
You climb upwards.
There is a stone staircase leading down here.
Unknown command.
Casting: Mephitic Cloud (dangerous; 3% risk of failure)
Confirm with . or Enter, or press ? or * to list all spells.
You blink.
The acid dragon roars!
The orc warrior throws a boomerang.
The boomerang misses you.
Unknown command.
Okay, then.
The acid dragon spits acid at you.
The splash of acid hits you but does no damage.
The acid corrodes you!
You are splashed with acid!
* * * LOW HITPOINT WARNING * * *
Unknown command.
Casting: Blink (safe; 1% risk of failure)
Confirm with . or Enter, or press ? or * to list all spells.
You blink.
The acid dragon spits acid at you. The splash of acid hits you!
* * * LOW HITPOINT WARNING * * *
The acid corrodes you!
You are splashed with acid!!
You die...

#.......# #...
#.......####...
#..............
#........###...
###..........####
##......#####..###
##........## ##....
#..........# ##.##
#.@.o>.....# #...
#..........# #.#.
#..........# #.#.
#..........# #.##
##..D.....######.#
#....ยง.......##.##
#..................
#?.................
#................#.


You could see an orc warrior and an acid dragon (catching breath).

Vanquished Creatures
  A two-headed ogre (D:6)
  2 steam dragons
  2 water moccasins
  An orc warrior (D:7)
  2 sky beasts (D:6)
  3 black bears (D:7)
  3 ogres
  A necrophage (D:7)
  2 centaurs (D:6)
  A kobold brigand (D:6)
  A bullfrog (D:7)
  A wight (D:6)
  4 howler monkeys
  A jelly (D:6)
  2 centaur zombies (D:6)
  2 hounds (D:4)
  3 orc priests
  3 centaur skeletons
  A gnoll shaman (D:6)
  An iguana (D:4)
  7 orc wizards
  A killer bee zombie (D:6)
  A hound zombie (D:5)
  6 gnolls
  9 adders
  A white imp (D:5)
  An ufetubus (D:6)
  4 worms (D:3)
  23 orcs
  6 ball pythons
  4 bats
  12 endoplasms
  7 giant cockroaches
  6 goblins
  4 hobgoblins
  7 jackals
  3 quokkas
  2 frilled lizards
  7 kobolds
  9 rats
157 creatures vanquished.

Vanquished Creatures (others)
  16 plants (D:3)
16 creatures vanquished.

Grand Total: 173 creatures vanquished

Notes
Turn   | Place    | Note
-------+----------+-------------------------------------------
     0 | D:1      | rogsnak the Gnoll Hedge Wizard began the quest for the Orb.
     0 | D:1      | Reached XP level 1. HP: 13/13 MP: 8/8
   404 | D:1      | Reached XP level 2. HP: 19/19 MP: 3/10
  1066 | D:1      | Reached XP level 3. HP: 18/25 MP: 8/11
  1069 | D:1      | Learned a level 2 spell: Blink
  1073 | D:1      | Learned a level 3 spell: Mephitic Cloud
  1654 | D:2      | Found a stormy altar of Qazlal.
  1983 | D:2      | Reached skill level 1 in Invocations
  2743 | D:3      | Reached skill level 1 in Fighting
  2743 | D:3      | Reached skill level 1 in Short Blades
  2743 | D:3      | Reached skill level 1 in Long Blades
  2743 | D:3      | Reached skill level 1 in Axes
  2743 | D:3      | Reached skill level 1 in Maces & Flails
  2743 | D:3      | Reached skill level 1 in Polearms
  2743 | D:3      | Reached skill level 1 in Staves
  2743 | D:3      | Reached skill level 1 in Slings
  2743 | D:3      | Reached skill level 1 in Bows
  2743 | D:3      | Reached skill level 1 in Crossbows
  2743 | D:3      | Reached skill level 1 in Throwing
  2743 | D:3      | Reached skill level 1 in Armour
  2743 | D:3      | Reached skill level 1 in Shields
  2743 | D:3      | Reached skill level 1 in Unarmed Combat
  2743 | D:3      | Reached skill level 1 in Evocations
  2743 | D:3      | Reached XP level 4. HP: 7/32 MP: 4/13
  3072 | D:3      | Reached skill level 1 in Hexes
  3072 | D:3      | Reached skill level 1 in Necromancy
  3072 | D:3      | Reached skill level 1 in Transmutations
  3072 | D:3      | Reached skill level 1 in Fire Magic
  3072 | D:3      | Reached skill level 1 in Ice Magic
  3072 | D:3      | Reached skill level 1 in Air Magic
  3072 | D:3      | Reached skill level 1 in Earth Magic
  3072 | D:3      | Reached skill level 1 in Poison Magic
  3190 | D:3      | Found an iron altar of Okawaru.
  3317 | D:3      | Found a radiant altar of Vehumet.
  3329 | D:3      | Became a worshipper of Warmaster Okawaru
  3700 | D:3      | Found a large runed translucent door.
  3713 | D:3      | Reached XP level 5. HP: 36/37 MP: 2/14
  4006 | D:3      | Found a large runed translucent door.
  4126 | D:3      | Found a hide-covered altar of Uskayaw.
  4156 | D:3      | Found a hazy altar of Hepliaklqana.
  5225 | D:3      | Found a faded altar of an unknown god.
  5343 | D:4      | Reached XP level 6. HP: 36/44 MP: 1/16
  5368 | D:4      | Noticed an ice beast
  5913 | D:4      | Reached skill level 5 in Dodging
  6145 | D:4      | Found a sacrificial altar of Ru.
  6302 | D:4      | Reached * piety under Okawaru
  6460 | D:5      | Entered Level 5 of the Dungeon
  6660 | D:5      | Noticed a steam dragon
  6679 | D:5      | Killed a steam dragon
  6680 | D:5      | Reached XP level 7. HP: 45/51 MP: 13/18
  7070 | D:5      | Found a basalt altar of Yredelemnul.
  7119 | D:5      | Found Nolehargh's Jewellery Boutique.
  7762 | D:6      | Reached skill level 5 in Stealth
  7968 | D:6      | Reached ** piety under Okawaru
  7969 | D:6      | Reached XP level 8. HP: 40/57 MP: 12/19
  8279 | D:6      | Found a staircase to the Ecumenical Temple.
  8306 | D:6      | Noticed a two-headed ogre
  8322 | D:6      | Killed a two-headed ogre
  8323 | D:6      | Reached skill level 8 in Spellcasting
  8323 | D:6      | Reached XP level 9. HP: 53/65 MP: 11/21
  9388 | D:7      | Reached *** piety under Okawaru
  9835 | D:7      | Reached skill level 5 in Invocations
 10099 | D:7      | Identified the +8 hand crossbow of an ice cave {venom,
                  | Int+4}
 10648 | D:7      | Splashed by an acid dragon's acid

Illustrated notes

Levels and vault maps discovered:
D:1:      minmay_arrival_open_corners, layout_loops_ring
D:2:      layout_rooms, serial_co_window_serial, co_window_paths_a,
          co_window_paths_b, co_window_corner_a, co_window_corner_a,
          co_window_paths_b, co_window_broadway_c, co_window_broadway_c,
          co_window_2corner, co_window_broadway_a, glass_columns_c,
          glass_columns_c, glass_columns_a, glass_columns_a, basic_altar
D:3:      minmay_bubble_buster, layout_loops_ring, jmf_multi_god_temple2,
          chequers_temple_overflow_statue_of_worship,
          shapermc_ecumenical_altar_mp_vishouse, minmay_misc_feat_ornament,
          serial_bayou_lagoon_b
D:4:      layout_basic, nicolae_ru_sacrificial_ziggurat
D:5:      layout_basic, lemuel_crystal_altar, serial_shops, nicolae_shop_crystal
D:6:      minmay_diamond_boxcup, layout_basic,
          minmay_temple_entry_enclosed_plants
D:7:      layout_rooms
D:8:      kennysheep_seaside_town, layout_cave_pods, lair_entry_dummy

Skill      XL: |  1  2  3  4  5  6  7  8  9 |
---------------+----------------------------+-----
Conjurations   | 2 3 4 |  4.5
Summonings     | 2 3 4 |  4.5
Translocations | 2 3 4 |  4.5
Invocations    | 1 2 3 4 5 |  5.2
Fighting       | 1 2 3 4 |  4.7
Short Blades   | 1 2 3 4 |  4.7
Long Blades    | 1 2 3 4 |  4.7
Axes           | 1 2 3 4 |  4.7
Maces & Flails | 1 2 3 4 |  4.7
Polearms       | 1 2 3 4 |  4.7
Staves         | 1 2 3 4 |  4.7
Slings         | 1 2 3 4 |  4.7
Bows           | 1 2 3 4 |  4.7
Crossbows      | 1 2 3 4 |  4.7
Throwing       | 1 2 3 4 |  4.7
Armour         | 1 2 3 4 |  4.7
Shields        | 1 2 3 4 |  4.7
Unarmed Combat | 1 2 3 4 |  4.7
Evocations     | 1 2 3 4 |  4.7
Hexes          | 1 2 3 |  3.9
Necromancy     | 1 2 3 |  3.9
Transmutations | 1 2 3 |  3.9
Fire Magic     | 1 2 3 |  3.9
Ice Magic      | 1 2 3 |  3.9
Air Magic      | 1 2 3 |  3.9
Earth Magic    | 1 2 3 |  3.9
Poison Magic   | 1 2 3 |  3.9
Dodging        | 5 6 |  6.7
Stealth        | 5 6 |  6.4
Spellcasting   | 8 |  8.7

Action                   |  1- 3 |  4- 6 |  7- 9 || total
-------------------------+-------+-------+-------++-------
Melee: Dagger            |    19 |   101 |    76 ||   196
       Bite              |     1 |    13 |    25 ||    39
       Spear             |       |    34 |       ||    34
       Long sword        |       |       |   142 ||   142
       Punch             |       |       |     5 ||     5
       Falchion          |       |       |    11 ||    11
 Fire: Triple crossbow   |       |       |     9 ||     9
 Cast: Magic Dart        |    95 |   214 |    74 ||   383
       Mephitic Cloud    |       |    17 |    30 ||    47
       Blink             |       |     3 |    16 ||    19
 Stab: Sleeping          |     1 |     2 |     2 ||     5
       Confused          |       |    12 |    10 ||    22
Armor: Robe              |    14 |    45 |    62 ||   121
Dodge: Dodged            |    36 |   104 |   165 ||   305
       Rpst.: Long sword |       |       |    31 ||    31
       Falchion          |       |       |     1 ||     1
